 Dungeon Crawl Stone Soup version 0.31.0-12-g77e489cdc1 (webtiles) character file.

Game seed: 3906529879809299386

2903 cdecastro the Destroyer (level 9, -8/45 HPs)
             Began as a Deep Elf Fire Elementalist on Feb 15, 2024.
             Was a Follower of Sif Muna.
             Mangled by a cyclops (27 damage)
             ... on level 8 of the Dungeon.
             The game lasted 00:15:23 (8104 turns).

cdecastro the Destroyer (DEFE)                      Turns: 8104, Time: 00:15:24

Health: -8/45      AC:  7    Str:  5    XL:     9   Next: 49%
Magic:  28/32      EV: 17    Int: 25    God:    Sif Muna [*.....]
Gold:   210        SH:  0    Dex: 15    Spells: 1/24 levels left

rFire   . . .        n - +0 quarterstaff (holy)
rCold   + . .        (shield currently unavailable)
rNeg    . . .        C - +0 robe {rC+}
rPois   .            a - +0 helmet
rElec   .            (no cloak)
rCorr   .            i - +2 pair of gloves
SInv    .            p - +0 pair of boots
Will    .....        (no amulet)
Stlth   ++           q - +5 ring of evasion
HPRegen 0.27/turn    B - ring of magical power
MPRegen 0.23/turn

%: no passive effects
@: no status effects
A: no striking features
a: Renounce Religion, Channel Magic


You were on level 8 of the Dungeon.
You worshipped Sif Muna.
Sif Muna was aware of your devotion.
You visited 2 branches of the dungeon, and saw 9 of its levels.

You collected 294 gold pieces.
You spent 84 gold pieces at shops.

Inventory:

Hand Weapons
 n - a +0 quarterstaff of holy wrath (weapon)
 o - the +8 dagger "Killer Bee's Doom" {spect, rC+ Will- Str+5}
   (You found it on level 3 of the Dungeon)

   Str+5:     It affects your strength (+5).
   rC+:       It protects you from cold.
   Will-:     It decreases your willpower.
Armour
 a - a +0 helmet (worn)
 i - a +2 pair of gloves (worn)
 p - a +0 pair of boots (worn)
 C - a +0 robe of cold resistance (worn)
 E - +0 acid dragon scales
Jewellery
 q - a +5 ring of evasion (left hand)
 B - a ring of magical power (right hand)
Talismans
 v - a serpent talisman
Wands
 t - a wand of roots (7)
 x - a wand of paralysis (11)
 z - a wand of mindburst (7)
Scrolls
 c - a scroll of fog {unknown}
 d - 2 scrolls of vulnerability {unknown}
 e - 3 scrolls of noise {unknown}
 f - 7 scrolls of identify {unknown}
 g - 5 scrolls of enchant armour {unknown}
 j - a scroll of immolation {unknown}
 k - a scroll of teleportation {unknown}
 l - 3 scrolls of fear {unknown}
 y - a scroll of enchant weapon {unknown}
 A - 2 scrolls of amnesia {unknown}
Potions
 b - 2 potions of magic
 h - 7 potions of curing
 m - a potion of attraction
 r - 3 potions of degeneration {unknown}
 s - a potion of lignification {unknown}
 u - a potion of heal wounds {unknown}
 w - a potion of enlightenment {unknown}
 D - a potion of cancellation {unknown}
 F - a potion of invisibility {unknown}


   Skills:
 - Level 2.4 Dodging
 - Level 2.4 Stealth
 - Level 8.0 Spellcasting
 - Level 10.0 Conjurations
 - Level 8.0 Fire Magic
 + Level 4.2 Invocations


You had one spell level left.
You knew the following spells:

 Your Spells              Type           Power      Damage    Failure   Level
a - Foxfire               Conj/Fire      100%       2x1d9     1%          1
b - Scorch                Fire           100%       2d9       1%          2
c - Inner Flame           Hex/Fire       30%        N/A       3%          3
d - Volatile Blastmotes   Fire/Tloc      60%        2d15      3%          3
e - Flame Wave            Conj/Fire      53%        2d13      1%          4
f - Summon Blazeheart Go  Fire/Summ      30%        N/A       12%         4
g - Starburst             Conj/Fire      26%        6d8       22%         6

Your spell library contained the following spells:

 Spells                   Type           Power      Damage    Failure   Level
 Summon Small Mammal      Summ           40%        N/A       6%          1
 Cigotuvi's Dreadful Rot  Necr/Alch/Air  20%        N/A       9%          2
 Lesser Beckoning         Tloc           20%        N/A       9%          2
 Call Canine Familiar     Summ           10%        N/A       19%         3
 Gell's Gravitas          Tloc           10%        N/A       19%         3
 Teleport Other           Tloc           10%        N/A       19%         3
 Arcjolt                  Conj/Air       17%        1d27      22%         5
 Dispel Undead            Necr           10%        3d9       52%         4
 Martyr's Knell           Necr/Summ      10%        N/A       52%         4
 Passage of Golubria      Tloc           10%        N/A       52%         4
 Vhi's Electric Charge    Tloc/Air       20%        N/A       52%         4
 Silence                  Hex/Air        5%         N/A       86%         5
 Plasma Beam              Fire/Air       15%        2x1d26    87%         6
 Death Channel            Necr           5%         N/A       100%        6
 Lehudib's Crystal Spear  Conj/Erth      17%        10d5      100%        8
 Maxwell's Capacitive Co  Air            5%         ∞         100%        8


Dungeon Overview and Level Annotations

Branches:
Dungeon (8/15)             Temple (1/1) D:7
   Lair: D:8-11

Altars:
Ashenzari
Cheibriados
Elyvilon
Fedhas
Gozag
Hepliaklqana
Kikubaaqudgha
Makhleb
Nemelex Xobeh
Okawaru
Qazlal
Ru
Sif Muna
Trog
Uskayaw
Vehumet
Wu Jian
Xom
Yredelemnul
Zin
The Shining One

Shops:
D:3 !

Annotations:
D:3 1 runed translucent door, Crazy Yiuf


Message History

The water moccasin is severely wounded.
The water moccasin's fire resistance burns away.
The foxfire hits the water moccasin.
The water moccasin is severely wounded.
The foxfire hits the water moccasin!
The water moccasin is burned terribly!
The water moccasin is almost dead.
The water moccasin completely misses you.
Casting: Scorch (safe; 1% risk of failure)
Confirm with . or Enter, or press ? or * to list all spells.
Flames lash the water moccasin.
The water moccasin is burned terribly!
You kill the water moccasin!
Sif Muna accepts your kill.
Your Invocations skill increases to level 4!
Unknown command.
You see here a water moccasin corpse.
There is an open door here.
You now have 210 gold pieces (gained 12).
You open the door.
There is an open door here.
As you open the door, it creaks loudly!
You hear a shout!
A cyclops comes into view.
There is an open door here.
A cyclops is nearby!
A cyclops is nearby!
The cyclops hits you!!
Ouch! That really hurt!
* * * LOW HITPOINT WARNING * * *
Casting: Scorch (safe; 1% risk of failure)
Confirm with . or Enter, or press ? or * to list all spells.
Flames lash the cyclops.
The cyclops is moderately wounded.
The cyclops's fire resistance burns away.
Unknown command.
Casting: Scorch (safe; 1% risk of failure)
Confirm with . or Enter, or press ? or * to list all spells.
Flames lash the cyclops.
The cyclops is burned terribly!
The cyclops is heavily wounded.
The cyclops hits you!!
Ouch! That really hurt!
You die...

###### #....#
#######....#
#....#....##
#....#.....#
#....#.....#
+....##...##
#..@.##....#
...####C##....######
C........#...#.....#
.........'...+.....#
.........#...#.....#
.........#####.....#
...................#
...................#
...................#


You could see a cyclops (combustible).

Vanquished Creatures
  An acid dragon (D:6)
  2 water moccasins
  An orc warrior (D:6)
  3 black bears
  2 ice beasts
  2 sky beasts
  2 centaurs
  2 phantoms (D:4)
  3 kobold brigands
  A bullfrog (D:7)
  2 scorpions (D:6)
  3 killer bees (D:7)
  A howler monkey (D:5)
  A jelly (D:5)
  7 hounds
  2 bombardier beetles
  2 sleepcaps (D:7)
  2 orc priests
  An iguana (D:6)
  Ijyb (D:4)
  2 gnoll boudas
  8 orc wizards
  9 gnolls
  6 adders
  A white imp (D:6)
  5 dart slugs
  A ribbon worm (D:4)
  21 orcs
  5 ball pythons
  4 endoplasms
  3 giant cockroaches
  3 goblins
  4 hobgoblins
  4 jackals
  13 kobolds
  2 quokkas
  3 bats
  6 frilled lizards
  6 rats
147 creatures vanquished.

Vanquished Creatures (others)
  461 foxfires
461 creatures vanquished.

Grand Total: 608 creatures vanquished

Notes
Turn   | Place    | Note
-------+----------+-------------------------------------------
     0 | D:1      | cdecastro the Deep Elf Fire Elementalist began the quest
                  | for the Orb.
     0 | D:1      | Reached XP level 1. HP: 10/10 MP: 6/6
   316 | D:1      | Reached XP level 2. HP: 15/15 MP: 6/8
  1145 | D:2      | Learned a level 2 spell: Scorch
  1332 | D:2      | Reached XP level 3. HP: 19/19 MP: 4/9
  1472 | D:2      | Found a faded altar of an unknown god.
  1849 | D:2      | You fall into a shaft and drop 1 floor!
  1881 | D:3      | Reached skill level 5 in Fire Magic
  2161 | D:3      | Found Yfef Rio's Distillery.
  2166 | D:3      | Bought a potion of curing for 42 gold pieces
  2166 | D:3      | Bought a potion of attraction for 42 gold pieces
  2312 | D:3      | Reached XP level 4. HP: 24/24 MP: 8/10
  2542 | D:3      | Identified the +8 dagger "Killer Bee's Doom" {spect, rC+
                  | Will- Str+5}
  2852 | D:3      | Found a runed translucent door.
  2853 | D:3      | Noticed Crazy Yiuf
  3352 | D:4      | Found an ancient bone altar of Kikubaaqudgha.
  3352 | D:4      | Found a shimmering blue altar of Sif Muna.
  3387 | D:4      | Reached XP level 5. HP: 28/28 MP: 4/11
  3599 | D:4      | Noticed a phantom
  3621 | D:4      | Killed a phantom
  3741 | D:4      | Noticed Ijyb
  3746 | D:4      | Killed Ijyb
  4064 | D:5      | Entered Level 5 of the Dungeon
  4102 | D:5      | Reached XP level 6. HP: 32/32 MP: 6/12
  4211 | D:5      | Learned a level 3 spell: Inner Flame
  4215 | D:5      | Learned a level 3 spell: Volatile Blastmotes
  4367 | D:5      | Noticed a sky beast
  4367 | D:5      | Noticed an ice beast
  4520 | D:4      | Learned a level 4 spell: Flame Wave
  4556 | D:5      | Killed an ice beast
  4557 | D:5      | Reached skill level 5 in Spellcasting
  4557 | D:5      | Reached XP level 7. HP: 36/36 MP: 9/17
  4892 | D:5      | Found a sacrificial altar of Ru.
  5598 | D:5      | Reached skill level 2 in Conjurations
  5633 | D:4      | Became a worshipper of Sif Muna the Loreminder
  5708 | D:6      | Reached skill level 3 in Conjurations
  5708 | D:6      | Reached XP level 8. HP: 41/41 MP: 22/22
  5732 | D:6      | Reached skill level 4 in Conjurations
  5894 | D:6      | Reached skill level 5 in Conjurations
  6049 | D:6      | Reached skill level 6 in Conjurations
  6293 | D:6      | Found a shimmering altar of Xom.
  6405 | D:6      | Reached skill level 7 in Conjurations
  6871 | D:7      | Reached skill level 8 in Conjurations
  6934 | D:7      | Reached XP level 9. HP: 45/45 MP: 23/23
  6939 | D:7      | Learned a level 4 spell: Summon Blazeheart Golem
  6952 | D:7      | Learned a level 6 spell: Starburst
  6969 | D:7      | Reached * piety under Sif Muna
  7006 | D:7      | Reached skill level 9 in Conjurations
  7089 | D:7      | Found a staircase to the Ecumenical Temple.
  7119 | Temple   | Entered the Ecumenical Temple
  7630 | D:7      | Reached skill level 10 in Conjurations
  7630 | D:7      | Reached skill level 1 in Invocations
  8091 | D:8      | Noticed a cyclops
  8104 | D:8      | Mangled by a cyclops

Illustrated notes

Levels and vault maps discovered:
D:1:      dpeg_arrival_rhombi, layout_rooms, serial_bayou_lagoon_a, st_stairs_5,
          glass_columns_a
D:2:      layout_loops_ring, chequers_ecumenical_altar_grove
D:3:      layout_loops_ring, serial_shops, shop, minivault_4,
          uniq_crazy_yiuf_cottage
D:4:      layout_basic, gammafunk_temple_overflow_elements, uniq_ijyb
D:5:      layout_basic, nicolae_ru_great_annihilating_truth
D:6:      layout_loops_cross, mainiacjoe_overflow_catwalk
D:7:      layout_loops_cross, minmay_temple_entry_antechambers,
          hangedman_minor_gate_pass
D:8:      layout_gridville, nicolae_dithmenos_through_a_glass_darkly
Temple:   sentei_temple_godly_chess

Skill      XL: |  1  2  3  4  5  6  7  8  9 |
---------------+----------------------------+-----
Fire Magic     | 4 5 6 7 8 |  8.0
Spellcasting   | 5 8 |  8.0
Conjurations   | 3 8 10 | 10.0
Invocations    | 4 |  4.2
Dodging        | |  2.4
Stealth        | |  2.4

Action                     |  1- 3 |  4- 6 |  7- 9 || total
---------------------------+-------+-------+-------++-------
   Cast: Foxfire           |    71 |    64 |   131 ||   266
         Scorch            |     8 |    29 |    82 ||   119
 Armour: Robe              |     2 |     6 |    16 ||    24
  Dodge: Dodged            |     1 |    16 |    24 ||    41
